 Dungeon Crawl Stone Soup version 0.31-a0-210-gccc998df9b (webtiles) character file.

Game seed: 18183887778458065051

117 qw the Shooter (level 5, 0/30 HPs)
             Began as a Gargoyle Hexslinger on June 29, 2023.
             Slain by Sigmund
             ... wielding a +1 vampiric scythe
              (3 damage)
             ... on level 3 of the Dungeon.
             The game lasted 00:00:50 (2259 turns).

qw the Shooter (Gargoyle Hexslinger)                Turns: 2259, Time: 00:00:50

Health: 0/30       AC: 10    Str: 12    XL:     5   Next: 1%
Magic:  6/6        EV: 10    Int: 13    God:
Gold:   239        SH:  0    Dex: 14    Spells: 5/6 levels left

rFire   + . .        Y - +1 sling (flame)
rCold   . . .        (no shield)
rNeg    + . .        d - +0 ring mail
rPois   inf          (no helmet)
rElec   +            (no cloak)
rCorr   .            a - +0 pair of gloves
SInv    .            (no boots)
Will    .....        (no amulet)
Stlth   +            g - ring of protection from fire
HPRegen 0.25/turn    (no ring)
MPRegen 0.10/turn

%: no passive effects
@: no status effects
A: sickness immunity, AC +4, negative energy resistance 1, electricity
resistance, torment resistance 1, petrification resistance
a: no special abilities


You were on level 3 of the Dungeon.
You visited 1 branch of the dungeon, and saw 3 of its levels.

You collected 239 gold pieces.


Innate Abilities, Weirdness & Mutations

You are immune to sickness and miasma.
Your stone body is resilient. (AC +4)
You are immune to poison.
You resist negative energy. (rN+)
You are resistant to electric shocks. (rElec)
You are resistant to unholy torment.
You are immune to petrification.


   Skills:
 - Level 2.0 Fighting
 + Level 4.5 Ranged Weapons
 - Level 1.0 Armour
 - Level 1.5 Dodging
 - Level 1.0 Spellcasting
 - Level 2.6 Hexes


You had 5 spell levels left.
You knew the following spells:

 Your Spells              Type           Power      Damage    Failure   Level
a - Slow                  Hex            28%        N/A       22%         1

Your spell library contained the following spells:

 Spells                   Type           Power      Damage    Failure   Level
 Inner Flame              Hex/Fire       4%         N/A       73%         3
 Portal Projectile        Hex/Tloc       8%         N/A       73%         3
 Cause Fear               Hex            3%         N/A       91%         4

Inventory:

Hand Weapons
 Y - a +1 sling of flaming (weapon)
Armour
 a - a +0 pair of gloves (worn)
 d - a +0 ring mail (worn)
 e - a +0 helmet
Jewellery
 g - a ring of protection from fire (left hand)
Scrolls
 b - 2 scrolls of identify
 c - a scroll of noise {unknown}
Potions
 f - 2 potions of haste {unknown}
 h - a potion of ambrosia {unknown}

Dungeon Overview and Level Annotations

Branches:
Dungeon (3/15)

Altars:
Cheibriados
Nemelex Xobeh

Annotations:
D:3 Sigmund


Message History

There is an open door here.
Sigmund gestures wildly while chanting.
Sigmund flickers and vanishes!
Deactivating autopickup; reactivate with Ctrl-A.
Autopickup is now on.
Enter note:
Enter note:
Enter note:
Enter note:
Enter note:
Enter note: You start resting.
Something hits you.
Deactivating autopickup; reactivate with Ctrl-A.
Autopickup is now on.
You start resting.
Something hits you.
Deactivating autopickup; reactivate with Ctrl-A.
Autopickup is now on.
You start resting.
There is a strange disturbance nearby!
2256 ||| Stepping randomly (disturbance).
Really walk into a travel-excluded area?
You hear some strange, mumbled words.
A magic dart appears from out of thin air!
Deactivating autopickup; reactivate with Ctrl-A.
The magic dart hits you but does no damage.
Autopickup is now on.
Enter note:
Enter note:
Enter note: You hear some strange, mumbled words.
A puff of flame appears from out of thin air!
Deactivating autopickup; reactivate with Ctrl-A.
The puff of flame hits you. You resist.
You shoot a sling bullet. Something hits you but does no damage.
You shoot a sling bullet. Something hits you.
You die...

#####.
#.........####...
......
+.........'......
#####.
#.........####...
#.......##
##.....## ##...##
##{## #.# #@#
##.#####
######......#
#...........#
#.####......######
##.##........
#(########## #.#
#.#


There were no monsters in sight!

Vanquished Creatures
  An orc wizard (D:3)
  4 adders (D:2)
  2 worms (D:2)
  2 dart slugs (D:2)
  2 orcs (D:3)
  2 endoplasms
  2 giant cockroaches (D:2)
  5 goblins
  2 hobgoblins
  7 jackals (D:2)
  3 quokkas
  3 ball pythons
  3 bats (D:2)
  3 frilled lizards
  4 kobolds
45 creatures vanquished.

Notes
Turn   | Place    | Note
-------+----------+-------------------------------------------
     0 | D:1      | qw the Gargoyle Hexslinger began the quest for the Orb.
     0 | D:1      | Reached XP level 1. HP: 12/12 MP: 2/2
     0 | D:1      | 0 ||| qw: Version: 0.3-a-24-ga2abf7b
     0 | D:1      | 0 ||| qw: Game counter: 6864
     0 | D:1      | 0 ||| qw: Melee chars always use a shield: true
     0 | D:1      | 0 ||| qw: God list: Okawaru
     0 | D:1      | 0 ||| qw: Allow faded altars: false
     0 | D:1      | 0 ||| qw: Do Orc after clearing Dungeon:15 true
     0 | D:1      | 0 ||| qw: Do second Lair branch before Depths: true
     0 | D:1      | 0 ||| qw: Lair rune preference: random
     0 | D:1      | 0 ||| qw: Goals: Normal
     0 | D:1      | 0 ||| PLANNING D:1-11
   229 | D:1      | Reached XP level 2. HP: 16/16 MP: 3/3
   488 | D:1      | Found a snail-covered altar of Cheibriados.
   742 | D:1      | 742 ||| UPGRADING to +0 ring mail.
   752 | D:1      | 752 ||| DROPPING +0 robe.
   753 | D:1      | 753 ||| UPGRADING to ring of protection from fire.
   754 | D:1      | 754 ||| READING 2 scrolls labelled QOEMAPOT ZUMMA.
   755 | D:1      | 755 ||| READING scroll labelled XEISOIRPHAY.
   756 | D:1      | 756 ||| READING scroll labelled OLLEUVEUMM.
   757 | D:1      | 757 ||| READING scroll labelled CYIGAO CETEDE.
   758 | D:1      | 758 ||| READING scroll labelled QETORUE NODAS.
   759 | D:1      | 759 ||| DRINKING 2 black potions.
   760 | D:1      | 760 ||| DROPPING scroll of vulnerability.
   761 | D:1      | 761 ||| DROPPING scroll of poison.
   762 | D:1      | 762 ||| DROPPING potion of attraction.
   802 | D:2      | Reached skill level 3 in Ranged Weapons
   899 | D:2      | Reached XP level 3. HP: 21/21 MP: 4/4
   979 | D:2      | 979 ||| READING scroll of brand weapon.
   979 | D:2      | 979 ||| BRANDING +1 sling of draining.
  1148 | D:2      | Reached XP level 4. HP: 25/26 MP: 5/5
  1165 | D:2      | Reached skill level 4 in Ranged Weapons
  1452 | D:2      | Reached skill level 1 in Armour
  1617 | D:2      | 1617 ||| UPGRADING to +0 pair of gloves.
  1622 | D:2      | 1622 ||| DRINKING 2 glowing golden potions.
  1623 | D:2      | 1623 ||| DROPPING potion of magic.
  1678 | D:3      | Reached XP level 5. HP: 30/30 MP: 6/6
  1855 | D:3      | Found a sparkling altar of Nemelex Xobeh.
  2206 | D:3      | Noticed Sigmund
  2253 | D:3      | HP: 7/30 [something (5)]
  2256 | D:3      | 2256 ||| Stepping randomly (disturbance).
  2257 | D:3      | HP: 2/30 [something/puff of flame (3)]
  2259 | D:3      | Slain by Sigmund

Levels and vault maps discovered:
D:1:      sevenhm_arrival_forest_fort_small_6, layout_basic
D:2:      layout_basic, minmay_tromino_v2
D:3:      layout_loops_corners, mainiacjoe_overflow_alcove_2, uniq_sigmund

Skill      XL: |  1  2  3  4 |
---------------+-------------+-----
Ranged Weapons | 3 4 |  4.5
Fighting       | 2 |  2.0
Armour         | 1 |  1.0
Dodging        | |  1.5
Spellcasting   | |  1.0
Hexes          | |  2.6

Action                     |  1- 3 |  4- 6 || total
---------------------------+-------+-------++-------
   Fire: Sling             |    86 |    75 ||   161
    Use: Scroll            |     6 |       ||     6
         Potion            |     1 |     1 ||     2
 Armour: Ring mail         |    13 |    27 ||    40
  Dodge: Dodged            |    23 |    24 ||    47

Table legend:
 A = Non-vault XP
 B = Vault XP
 C = Vault XP percentage of total XP
 D = Non-vault monster count
 E = Vault monster count
 F = Vault count percentage of total count
                 A         B        C        D         E       F
            +---------+---------+-------+---------+---------+-------
      Total |     163 |       5 |   3.0 |      43 |       2 |   4.4
            +---------+---------+-------+---------+---------+-------
        D:1 |      13 |       0 |   0.0 |       9 |       0 |   0.0
        D:2 |     105 |       5 |   4.5 |      28 |       2 |   6.7
        D:3 |      45 |       0 |   0.0 |       6 |       0 |   0.0
            +---------+---------+-------+---------+---------+-------
